[Event "Titled Tuesday Blitz November 15 Late 2022"]
[White "Hajiyev, Kanan"]
[Black "Lopez Del Alamo, Antonio"]
[WhiteFideId "13404148"]
[BlackFideId "2227339"]
[WhiteElo "2118"]
[BlackElo "2175"]
[Result "1-0"]
[Round "05"]
[TimeControl "180+1"]
[Date "2022.11.16"]
[WhiteClock "0:01:03"]
[BlackClock "0:00:14"]

1. d4 Nf6 2. Nf3 g6 3. c4 Bg7 4. g3 O-O 5. Bg2 d6 6. b3 Bf5 7. Bb2 c6 8. Nc3 Ne4 9. O-O Nxc3 10. Bxc3 Be4 11. Qd2 Nd7 12. Rac1 a6 13. Rfd1 b5 14. Ne1 Bxg2 15. Nxg2 Qb8 16. h4 h5 17. e4 c5 18. f4 bxc4 19. dxc5 Bxc3 20. Qxc3 Nxc5 21. Qxc4 a5 22. e5 Qb6 23. Kh2 Rfd8 24. exd6 exd6 25. Qd4 Rab8 26. f5 Nd7 27. fxg6 Qxd4 28. gxf7+ Kxf7 29. Rxd4 Ne5 30. Rc7+ Kg6 31. Nf4+ Kh6 32. Rd5 Rbc8 33. Rxc8 Rxc8 34. Rxd6+ Kh7 35. Nxh5 Ng4+ 36. Kh3 1-0


[Site "https://www.chess.com"]

[Event "Titled Tuesday Blitz November 15 Late 2022"]
[White "Hakobyan, Aram"]
[Black "Wieczorek, Oskar"]
[WhiteFideId "13306677"]
[BlackFideId "1133950"]
[WhiteElo "2563"]
[BlackElo "2404"]
[Result "1-0"]
[Round "05"]
[TimeControl "180+1"]
[Date "2022.11.15"]
[WhiteClock "0:00:07"]
[BlackClock "0:00:03"]

1. Nf3 Nf6 2. c4 c5 3. g3 Nc6 4. Bg2 d6 5. Nc3 g6 6. e3 Bg7 7. d4 cxd4 8. Nxd4 Bd7 9. O-O h5 10. h3 O-O 11. b3 a6 12. Bb2 Qc8 13. Kh2 Nxd4 14. exd4 Rb8 15. Rc1 Bf5 16. Re1 Re8 17. a4 Qd8 18. Ba3 Bh6 19. Ra1 Bg7 20. Ra2 d5 21. Nxd5 Nxd5 22. Bxd5 e6 23. Be4 Qxd4 24. Rd2 Qb6 25. Bd6 Rbc8 26. c5 Qb4 27. c6 Qxe4 28. Rxe4 Bxe4 29. c7 e5 30. Qe2 Bc6 31. Qe3 Kh7 32. Qb6 Bh6 33. Rd1 e4 34. Bf4 Bxf4 35. gxf4 Re7 36. Rd8 Rexc7 37. Rxc8 Rxc8 38. Qd4 Re8 39. f5 gxf5 40. Qf6 Kg8 41. Qxf5 Re6 42. Qxh5 Rg6 43. Qe2 Rd6 44. h4 Rd3 45. Qg4+ Kf8 46. h5 Rd6 47. Qf4 Re6 48. h6 Kg8 49. h7+ Kg7 50. Kh3 Rg6 51. Kh4 Kxh7 52. Qxf7+ Rg7 53. Qf5+ Kg8 54. Qe6+ Kh8 55. Kh5 Rh7+ 56. Kg6 Rg7+ 57. Kf6 Kh7 58. Qh3+ Kg8 59. Qc8+ Kh7 60. Qf5+ Kg8 61. Qh5 Rg2 62. Qh4 Rg7 63. Ke5 Rf7 64. Kd4 Kf8 65. Kc5 Ke8 66. Kb6 Rf3 67. Qh8+ Kd7 68. Qd4+ Ke6 69. b4 Rd3 70. Qc4+ Rd5 71. Qxe4+ Kd6 72. Qf4+ Kd7 73. Qf7+ Kd6 74. Qf8+ Kd7 75. a5 Rb5+ 76. Ka7 Rd5 77. f4 Ke6 78. Qh6+ Kf7 79. Qh3 Rb5 80. Qg3 Bd7 81. Qc3 Bf5 82. Qd4 Kg6 83. Qd6+ Kf7 84. Qd8 Be6 85. Qh4 Bf5 86. Qg5 Ke6 87. Qg7 Kd6 88. Qd4+ Ke6 89. Qg7 Kd6 90. Qf6+ Kd7 91. Qf7+ Kd6 92. Kb8 Be6 93. Qc7+ Kd5 94. Qe5+ Kc6 95. Qxe6# 1-0


[Site "https://www.chess.com"]

[Event "Titled Tuesday Blitz November 15 Late 2022"]
[White "Halvax, Georg"]
[Black "Steinberg, Nitzan"]
[WhiteFideId "1619543"]
[BlackFideId "2801795"]
[WhiteElo "2482"]
[BlackElo "2491"]
[Result "0-1"]
[Round "05"]
[TimeControl "180+1"]
[Date "2022.11.15"]
[WhiteClock "0:00:12"]
[BlackClock "0:00:59"]

1. d4 Nf6 2. c4 g6 3. Nc3 Bg7 4. e4 d6 5. Be2 O-O 6. Be3 Nbd7 7. h4 c5 8. d5 a6 9. h5 b5 10. cxb5 axb5 11. hxg6 fxg6 12. Bxb5 Ba6 13. Bxa6 Rxa6 14. Nf3 Ng4 15. Qd2 Qa5 16. Bg5 Rb8 17. O-O Rab6 18. Bxe7 Rxb2 19. Qg5 Nxf2 20. Bxd6 Re8 21. Rxf2 Rxf2 22. Kxf2 Bxc3 23. Rc1 Nf6 24. Kg1 Nxe4 25. Qf4 Qxa2 26. Ng5 Bd4+ 27. Kh2 Nxd6 28. Ne6 Qxd5 29. Nxd4 Qxd4 0-1


[Site "https://www.chess.com"]

[Event "Titled Tuesday Blitz November 15 Late 2022"]
[White "Hambleton, Aman"]
[Black "Guzman, Christopher"]
[WhiteFideId "2606577"]
[BlackFideId "6405096"]
[WhiteElo "2538"]
[BlackElo "2272"]
[Result "1-0"]
[Round "05"]
[TimeControl "180+1"]
[Date "2022.11.16"]
[WhiteClock "0:00:08"]
[BlackClock "0:00:56"]

1. d4 Nf6 2. c4 e6 3. Nc3 b6 4. e4 Bb4 5. e5 Ng8 6. Qg4 Kf8 7. Nf3 Bb7 8. Be3 h5 9. Qf4 Nc6 10. Ng5 Qe7 11. Bd3 Nh6 12. O-O Bxc3 13. bxc3 Ng4 14. h3 Nh6 15. a4 d6 16. exd6 Qxd6 17. Qh4 Qe7 18. Qxh5 f6 19. Ne4 Nf7 20. Qe2 Rd8 21. d5 Nce5 22. Rfe1 Nxd3 23. Qxd3 exd5 24. cxd5 Rxd5 25. Qc2 Re5 26. Ng3 Kg8 27. a5 Nd6 28. axb6 cxb6 29. Rxa7 Kf7 30. Qa2+ Qe6 31. Qxe6+ Rxe6 32. Rb1 b5 33. Bc5 Rb8 34. Bxd6 Rxd6 35. Rxb5 Rd7 36. Kh2 Ke7 37. Rb4 Kd8 38. Nf5 Kc8 39. f3 g6 40. Nd4 Rd6 41. Nb5 Rc6 42. Rd4 g5 43. Nd6+ Kc7 44. Rxb7+ Rxb7 45. Nxb7 Kxb7 46. c4 Kc7 47. f4 gxf4 48. Rxf4 Kd7 49. Re4 Rc5 50. g4 f5 51. gxf5 Rxf5 52. Kg3 Rg5+ 53. Kf3 Rh5 54. h4 Kd6 55. Kg4 Rh8 56. h5 Rg8+ 57. Kh4 Rg1 58. h6 Rh1+ 59. Kg5 Rg1+ 60. Kh5 Kc5 61. h7 Rh1+ 62. Rh4 1-0


[Site "https://www.chess.com"]

[Event "Titled Tuesday Blitz November 15 Late 2022"]
[White "Har-Zvi, Ronen"]
[Black "Melkumyan, Hrant"]
[WhiteFideId "2801485"]
[BlackFideId "13302485"]
[WhiteElo "2523"]
[BlackElo "2604"]
[Result "0-1"]
[Round "05"]
[TimeControl "180+1"]
[Date "2022.11.15"]
[WhiteClock "0:00:04"]
[BlackClock "0:00:20"]

1. Nf3 c5 2. c4 g6 3. Nc3 Bg7 4. e3 Nf6 5. d4 O-O 6. d5 e6 7. h3 exd5 8. cxd5 d6 9. Be2 Na6 10. O-O Nc7 11. a4 Na6 12. e4 Nb4 13. Nd2 b6 14. Nc4 Ba6 15. Bf4 Bxc4 16. Bxc4 a6 17. Re1 Re8 18. Bh2 Nd7 19. Bxd6 Ne5 20. Bxe5 Bxe5 21. g3 Rb8 22. Kg2 Qd7 23. Qe2 Bd4 24. Bxa6 Nxa6 25. Qxa6 f5 26. Qb5 Qf7 27. f3 fxe4 28. Nxe4 Rf8 29. Qd3 Qxd5 30. Rac1 Qa2 31. Qc4+ Qxc4 32. Rxc4 Bxb2 33. Rb1 Bd4 34. f4 Rbe8 35. Kf3 Re6 36. a5 Rfe8 37. Ng5 Re3+ 38. Kg4 bxa5 39. Ra4 Ra8 40. Rb5 h6 41. Raxa5 Rxa5 42. Rxa5 hxg5 43. Ra8+ Kf7 44. Ra7+ Ke6 45. Ra6+ Kd5 46. fxg5 Re4+ 47. Kf3 Re6 48. Rxe6 Kxe6 49. Ke4 Bf2 50. h4 Bxg3 0-1


[Site "https://www.chess.com"]

[Event "Titled Tuesday Blitz November 15 Late 2022"]
[White "Harshal, Shahi"]
[Black "Zhou, Qiyu"]
[WhiteFideId "5048257"]
[BlackFideId "505161"]
[WhiteElo "2054"]
[BlackElo "2101"]
[Result "1-0"]
[Round "05"]
[TimeControl "180+1"]
[Date "2022.11.16"]
[WhiteClock "0:00:10"]
[BlackClock "0:01:10"]

1. e4 g5 2. d4 h6 3. Nc3 e6 4. f4 Be7 5. Nf3 d5 6. exd5 exd5 7. fxg5 hxg5 8. Bd3 Be6 9. Qe2 Nc6 10. Bb5 a6 11. Bxc6+ bxc6 12. Ne5 Qd6 13. Be3 Nf6 14. O-O-O Nd7 15. Qd2 Rg8 16. Rhf1 Nxe5 17. dxe5 Qxe5 18. Bd4 Qxh2 19. Rde1 Qd6 20. Na4 Qb4 21. Qxb4 Bxb4 22. c3 Bd6 23. Nc5 Bxc5 24. Bxc5 Kd7 25. Re3 Rae8 26. Kd2 f5 27. Rfe1 f4 28. Re5 Bf7 29. Re7+ Kc8 30. Rxf7 Rxe1 31. Kxe1 Re8+ 32. Kd2 Re4 33. Rf8+ Kb7 34. Rg8 Re5 35. Bd4 Rf5 36. Ke2 c5 37. Bxc5 Kc6 38. Bd4 Kb5 39. Kf3 c5 40. Bf2 Re5 41. Rb8+ Kc4 42. Rc8 Kd3 43. Rxc5 Kc2 44. Bd4 Re1 45. Rxd5 Rf1+ 46. Kg4 Kxb2 47. Kxg5 Kxa2 48. c4 Kb3 49. c5 Kc4 50. Rd6 Rc1 51. c6 Kb5 52. c7 Rxc7 53. Rb6+ Ka5 54. Rf6 Rc4 55. Bb6+ Kb5 56. Bf2 Rc2 57. Rf5+ Rc5 58. Rxc5+ Kb4 59. Kxf4 a5 60. Rxa5 Kxa5 61. g4 Kb5 62. g5 Kc6 63. Kf5 Kd7 64. Kf6 Ke8 65. g6 Kf8 66. Bc5+ Kg8 67. g7 Kh7 68. Kf7 Kh6 69. g8=Q Kh5 70. Qg3 Kh6 71. Qh4# 1-0


[Site "https://www.chess.com"]

[Event "Titled Tuesday Blitz November 15 Late 2022"]
[White "He, Samuel"]
[Black "Sarkar, Justin"]
[WhiteFideId "2087235"]
[BlackFideId "2010011"]
[WhiteElo "2603"]
[BlackElo "2239"]
[Result "1-0"]
[Round "05"]
[TimeControl "180+1"]
[Date "2022.11.16"]
[WhiteClock "0:00:34"]
[BlackClock "0:00:01"]

1. Nf3 d5 2. e3 Bg4 3. c4 Nf6 4. cxd5 Nxd5 5. d4 e6 6. Nc3 Be7 7. h3 Bh5 8. e4 Nxc3 9. bxc3 O-O 10. Rb1 b6 11. Bd3 c5 12. Be3 Nc6 13. Bb5 Rc8 14. Qa4 Bxf3 15. gxf3 Na5 16. O-O cxd4 17. cxd4 Bd6 18. e5 Bc7 19. f4 Qh4 20. Kh2 Bd8 21. Rfc1 Be7 22. Qd1 g6 23. Qg4 h5 24. Qf3 Rfd8 25. Ba6 Rxc1 26. Rxc1 g5 27. fxg5 1-0


[Site "https://www.chess.com"]

[Event "Titled Tuesday Blitz November 15 Late 2022"]
[White "Hoffmann, Asa"]
[Black "Premnath, R."]
[WhiteFideId "2001470"]
[BlackFideId "5021928"]
[WhiteElo "2117"]
[BlackElo "2554"]
[Result "0-1"]
[Round "05"]
[TimeControl "180+1"]
[Date "2022.11.16"]
[WhiteClock "0:00:29"]
[BlackClock "0:00:05"]

1. d4 d5 2. Bg5 f6 3. Bf4 h5 4. h3 Nh6 5. Nf3 Nf7 6. e3 c6 7. Bd3 g5 8. Bg3 h4 9. Bh2 g4 10. hxg4 Bxg4 11. Nbd2 Nd7 12. c4 Nb6 13. Qb3 Qd7 14. cxd5 Nxd5 15. e4 Nb6 16. O-O-O Bh6 17. Kb1 Bxd2 18. Rxd2 Bxf3 19. gxf3 Qxd4 20. Rhd1 Qc5 21. Bf4 Ne5 22. Be3 Qa5 23. f4 Ned7 24. Qe6 Nc5 25. Qf5 Nbd7 26. Qg6+ Kd8 27. Bc4 Kc7 28. e5 Raf8 29. e6 Nb6 30. Qc2 Rd8 31. f5 Nxc4 32. Qxc4 Rxd2 33. Rxd2 b6 34. b4 Qa4 35. Qf4+ Kc8 36. bxc5 Qb5+ 37. Kc2 Rg8 38. Qd4 Kb7 39. Qd7+ Ka6 40. Qd3 bxc5 41. Bxc5 h3 42. Qxb5+ Kxb5 43. Bxe7 h2 44. Rd1 Rg1 45. Bxf6 h1=Q 46. Rxg1 Qxg1 47. e7 Qxf2+ 48. Kd3 Qxf5+ 49. Ke3 Qe6+ 50. Kd3 c5 51. a4+ Kc6 52. Kc3 Kd7 0-1


[Site "https://www.chess.com"]

[Event "Titled Tuesday Blitz November 15 Late 2022"]
[White "Ibarra Jerez, Jose Carlos"]
[Black "Iliaguev, Nisim"]
[WhiteFideId "2226332"]
[BlackFideId "2817276"]
[WhiteElo "2638"]
[BlackElo "2244"]
[Result "1-0"]
[Round "05"]
[TimeControl "180+1"]
[Date "2022.11.15"]
[WhiteClock "0:02:30"]
[BlackClock "0:02:23"]

1. e4 c6 2. Nf3 d5 3. d3 Bg4 4. h3 Bxf3 5. Qxf3 e6 6. g3 Nf6 7. Bg2 Nbd7 8. O-O Bc5 9. Qe2 O-O 10. Nd2 Re8 11. e5 Ne4 12. dxe4 Nxe5 13. Nf3 Nc4 14. b3 Qf6 15. e5 Nxe5 16. Nxe5 Bd4 17. Ng4 1-0


[Site "https://www.chess.com"]

[Event "Titled Tuesday Blitz November 15 Late 2022"]
[White "Indjic, Aleksandar"]
[Black "Nakamura, Hikaru"]
[WhiteFideId "911925"]
[BlackFideId "2016192"]
[WhiteElo "2592"]
[BlackElo "2909"]
[Result "0-1"]
[Round "05"]
[TimeControl "180+1"]
[Date "2022.11.15"]
[WhiteClock "0:00:23"]
[BlackClock "0:01:19"]

1. d4 b6 2. c4 Bb7 3. Nf3 f5 4. Nc3 e6 5. a3 Nf6 6. Bf4 Ne4 7. Qc2 Be7 8. h3 Bf6 9. Bh2 Nxc3 10. bxc3 Be4 11. Qb2 c5 12. e3 Bxf3 13. gxf3 Nc6 14. d5 Na5 15. dxe6 dxe6 16. Rd1 Qc8 17. Bd6 Qc6 18. Be2 Rd8 19. Bg3 Rxd1+ 20. Kxd1 Qa4+ 21. Qc2 Qxa3 22. Kd2 Ke7 23. Rb1 Rd8+ 24. Ke1 Qxc3+ 25. Qxc3 Bxc3+ 26. Kf1 Nc6 27. Rc1 Bf6 28. Rb1 Nb4 29. Rb3 a5 30. Bc7 Ra8 31. Bxb6 Kd6 32. f4 Ra6 0-1


[Site "https://www.chess.com"]

[Event "Titled Tuesday Blitz November 15 Late 2022"]
[White "Ivic, Velimir"]
[Black "Timmermans, Mark"]
[WhiteFideId "950122"]
[BlackFideId "1026399"]
[WhiteElo "2625"]
[BlackElo "2460"]
[Result "1-0"]
[Round "05"]
[TimeControl "180+1"]
[Date "2022.11.15"]
[WhiteClock "0:00:10"]
[BlackClock "0:00:10"]

1. d4 Nf6 2. c4 e6 3. Nf3 d5 4. g3 Be7 5. Bg2 O-O 6. O-O dxc4 7. Qc2 b5 8. a4 b4 9. Nfd2 c6 10. Nxc4 Qxd4 11. Nbd2 Ba6 12. Rd1 Rd8 13. Re1 Nbd7 14. Na5 Qb6 15. Nxc6 Bc5 16. e3 Rdc8 17. a5 Qb5 18. Nb3 Bb7 19. Nbd4 Bxd4 20. Nxd4 Qh5 21. Qd1 Qxd1 22. Rxd1 Bxg2 23. Kxg2 Nc5 24. Bd2 Rab8 25. Be1 g6 26. Rac1 Na4 27. Nc6 Rxc6 28. Rxc6 Nxb2 29. Rb1 Nd3 30. Bd2 Ne4 31. Bc1 b3 32. Bb2 h6 33. Bd4 b2 34. Rc2 e5 35. Bxa7 Rb3 36. a6 Nc3 37. Bc5 Nxc5 38. a7 Ra3 39. Rxc3 Rxa7 40. Rxc5 Ra1 41. Rxb2 Kg7 42. Rbc2 Kf6 43. Rc6+ Kf5 44. R6c3 f6 45. Rc4 Rb1 46. h3 h5 47. g4+ hxg4 48. hxg4+ Kg5 49. Rc1 Rb4 50. Rxb4 1-0


[Site "https://www.chess.com"]

[Event "Titled Tuesday Blitz November 15 Late 2022"]
[White "Jarmula, Lukasz"]
[Black "Jarocka, Liwia"]
[WhiteFideId "1160664"]
[BlackFideId "21807558"]
[WhiteElo "2357"]
[BlackElo "1989"]
[Result "1-0"]
[Round "05"]
[TimeControl "180+1"]
[Date "2022.11.16"]
[WhiteClock "0:01:10"]
[BlackClock "0:00:46"]

1. b3 Nf6 2. Bb2 g6 3. c4 Bg7 4. g3 O-O 5. Bg2 c6 6. Nf3 d5 7. O-O Nbd7 8. d3 Re8 9. Nc3 e5 10. cxd5 cxd5 11. Nb5 Qb6 12. a4 a6 13. Nc3 d4 14. a5 Qd8 15. Nb1 Rb8 16. Nbd2 b5 17. Ng5 Nc5 18. Rc1 Ne6 19. Nge4 Nxe4 20. Nxe4 Bb7 21. b4 Bf8 22. Qb3 Kg7 23. Nd2 Bxg2 24. Kxg2 Qe7 25. Ba3 Rec8 26. Nf3 f6 27. Nd2 h5 28. Ne4 f5 29. Nd2 Kh7 30. Nf3 Bg7 31. Qxe6 1-0


[Site "https://www.chess.com"]

[Event "Titled Tuesday Blitz November 15 Late 2022"]
[White "Jimenez Almeida, Luis David"]
[Black "Sargsyan, Anna M."]
[WhiteFideId "22242244"]
[BlackFideId "13308130"]
[WhiteElo "2158"]
[BlackElo "2284"]
[Result "0-1"]
[Round "05"]
[TimeControl "180+1"]
[Date "2022.11.16"]
[WhiteClock "0:00:04"]
[BlackClock "0:00:05"]

1. e4 c6 2. Nc3 d5 3. Qf3 Nf6 4. e5 Nfd7 5. d4 e6 6. Nh3 h6 7. Bf4 c5 8. dxc5 Nc6 9. O-O-O Bxc5 10. Qg3 g5 11. Bd2 Ndxe5 12. f4 gxf4 13. Bxf4 Ng6 14. Bc7 Qh4 15. Qd3 Bd7 16. g3 Qh5 17. Nf4 Nxf4 18. Bxf4 Qg6 19. Qb5 Nd4 20. Qd3 Qxd3 21. Bxd3 O-O-O 22. Rhf1 Nc6 23. Rde1 f6 24. a3 a6 25. Bd2 Bd4 26. Ne2 Be5 27. Nf4 Rhg8 28. Nh5 Rdf8 29. Bxh6 Rf7 30. Bd2 Be8 31. c4 d4 32. c5 Kd7 33. b4 Ke7 34. Nf4 Bd7 35. Bc4 Rgg7 36. Nd3 Bc7 37. Bf4 e5 38. Bxf7 Rxf7 39. Bd2 Be6 40. Kb2 Rh7 41. h4 Bd8 42. Rf2 Kd7 43. Ref1 Bd5 44. Rxf6 Bxf6 45. Rxf6 Be4 46. Nf2 Bd5 47. Rf5 Ke6 48. Rg5 Ne7 49. Nd3 Nc6 50. a4 Bc4 51. Nf2 Ne7 52. Ng4 Nc6 53. Rg6+ Kf5 54. Rd6 Kxg4 55. b5 axb5 56. axb5 Bxb5 57. Rg6+ Kf3 58. Bg5 Bd3 59. Rf6+ Ke2 60. g4 e4 61. h5 e3 62. h6 Ne5 63. Re6 Nxg4 64. Bf4 Nxh6 65. Bxh6 Rf7 66. Bg5 Kd1 67. Bf6 Rxf6 68. Rxf6 e2 69. Re6 e1=Q 0-1


[Site "https://www.chess.com"]

[Event "Titled Tuesday Blitz November 15 Late 2022"]
[White "Jones, Gawain C B"]
[Black "Sattarov, Bobir"]
[WhiteFideId "409561"]
[BlackFideId "14203081"]
[WhiteElo "2657"]
[BlackElo "2354"]
[Result "1-0"]
[Round "05"]
[TimeControl "180+1"]
[Date "2022.11.15"]
[WhiteClock "0:01:25"]
[BlackClock "0:00:41"]

1. Nf3 Nf6 2. g3 g6 3. b3 Bg7 4. Bb2 d6 5. d4 O-O 6. Bg2 c5 7. O-O cxd4 8. Nxd4 Qb6 9. c4 Nc6 10. Nxc6 bxc6 11. Nc3 Be6 12. Rc1 Rab8 13. c5 Qxc5 14. Nd5 cxd5 15. Rxc5 dxc5 16. Bxf6 Bxf6 17. Bxd5 Rfd8 18. e4 Bxd5 19. exd5 Rb4 20. Qf3 a5 21. Rc1 Bd4 22. Re1 Rd7 23. h4 h5 24. d6 exd6 25. Qa8+ Kh7 26. Qxa5 Rb8 27. Qa6 Be5 28. Re2 Kg7 29. Kg2 Rdb7 30. Qc6 Rb6 31. Qd5 Ra6 32. Rxe5 1-0


[Site "https://www.chess.com"]

[Event "Titled Tuesday Blitz November 15 Late 2022"]
[White "Kaplan, Avi Harrison"]
[Black "Harish, Neeraj"]
[WhiteFideId "30934559"]
[BlackFideId "30958130"]
[WhiteElo "1983"]
[BlackElo "1815"]
[Result "1-0"]
[Round "05"]
[TimeControl "180+1"]
[Date "2022.11.16"]
[WhiteClock "0:01:03"]
[BlackClock "0:01:04"]

1. d4 Nf6 2. c4 e6 3. Nc3 d5 4. cxd5 exd5 5. Bg5 Be7 6. e3 O-O 7. Bd3 h6 8. Bh4 c6 9. Nge2 Nbd7 10. O-O Ne4 11. Bxe7 Qxe7 12. Nxe4 dxe4 13. Bc4 Kh7 14. a3 f5 15. b4 Nf6 16. Nc3 Be6 17. Bxe6 Qxe6 18. Na4 Nd5 19. Nc5 Qe7 20. Rc1 Rae8 21. Qb3 Qf7 22. b5 cxb5 23. Qxb5 b6 24. Nd7 Rg8 25. Ne5 Qe6 26. Rc6 a6 27. Qb3 1-0


[Site "https://www.chess.com"]

[Event "Titled Tuesday Blitz November 15 Late 2022"]
[White "Karas, Marek"]
[Black "Mladenovic, Stefan"]
[WhiteFideId "14928558"]
[BlackFideId "942227"]
[WhiteElo "2220"]
[BlackElo "2337"]
[Result "1-0"]
[Round "05"]
[TimeControl "180+1"]
[Date "2022.11.16"]
[WhiteClock "0:00:25"]
[BlackClock "0:00:01"]

1. d4 Nf6 2. Nf3 e6 3. c4 b6 4. a3 Bb7 5. Nc3 d5 6. cxd5 exd5 7. Bf4 Nbd7 8. e3 Be7 9. h3 O-O 10. Be2 c5 11. O-O c4 12. Ne5 a6 13. Bf3 b5 14. Re1 Nb6 15. Qc2 Re8 16. Rad1 Bd6 17. g4 Qe7 18. g5 Nfd7 19. Nxd7 Qxd7 20. Bg4 Qc7 21. Qf5 Bc8 22. Nxd5 Bxf5 23. Nxc7 Bxg4 24. hxg4 Bxf4 25. Nxa8 Nd5 26. exf4 Rxa8 27. f5 a5 28. Re5 Rd8 29. Rde1 Kf8 30. f6 b4 31. Re8+ Rxe8 32. fxg7+ Kxg7 33. Rxe8 c3 34. bxc3 Nxc3 35. axb4 axb4 36. Rb8 Ne2+ 37. Kg2 Nxd4 38. Rxb4 Ne6 39. Rb5 Kg6 40. Kg3 Nxg5 41. f4 Ne4+ 42. Kf3 Nc3 43. Rb6+ Kg7 44. g5 Nd5 45. Rd6 Ne7 46. Kg4 Nc8 47. Ra6 Ne7 48. f5 Nd5 49. Ra8 h6 50. f6+ Kh7 51. Rf8 hxg5 52. Kxg5 1-0


[Site "https://www.chess.com"]

[Event "Titled Tuesday Blitz November 15 Late 2022"]
[White "Kaufman, Raymond"]
[Black "Proleiko, Julian"]
[WhiteFideId "2015056"]
[BlackFideId "30900255"]
[WhiteElo "2321"]
[BlackElo "2127"]
[Result "1-0"]
[Round "05"]
[TimeControl "180+1"]
[Date "2022.11.16"]
[WhiteClock "0:00:49"]
[BlackClock "0:01:12"]

1. e4 c6 2. Nf3 d5 3. d3 g6 4. e5 Bg7 5. d4 c5 6. dxc5 Nc6 7. Bf4 Bg4 8. Bb5 e6 9. Nbd2 Qa5 10. Bxc6+ bxc6 11. O-O Qxc5 12. h3 Bxf3 13. Nxf3 Ne7 14. Qd2 h6 15. Rac1 Qb6 16. c4 g5 17. Be3 Qb7 18. Bc5 O-O 19. Rfe1 Rfd8 20. Bxe7 Qxe7 21. Qa5 d4 22. c5 Rd5 23. b4 Qd7 24. Rcd1 d3 25. Re3 Rd8 26. g4 d2 27. Kg2 Rd3 28. Rxd3 Qxd3 29. Rxd2 Qxf3+ 30. Kxf3 Rxd2 31. Qxa7 Bxe5 32. Qa8+ Kg7 33. Qxc6 Rxa2 34. b5 Bd4 35. b6 Rxf2+ 36. Ke4 Rf4+ 37. Kd3 Be5 38. b7 Rb4 39. Qc8 Rb3+ 40. Ke4 Bf4 41. c6 Rc3 42. Kd4 Rc1 43. b8=Q Bxb8 44. Qxb8 Rxc6 45. Qe5+ Kh7 46. Qf6 Rc7 47. Ke5 Rd7 48. Ke4 Ra7 49. Kd4 Rd7+ 50. Kc5 Rd5+ 51. Kc6 Kg8 52. Qxh6 Ra5 53. Qf6 Rd5 54. Kc7 Rc5+ 55. Kd7 Ra5 56. h4 gxh4 57. Qd8+ 1-0


[Site "https://www.chess.com"]

[Event "Titled Tuesday Blitz November 15 Late 2022"]
[White "Kirillov, Dmitry"]
[Black "Bordi, Kevin"]
[WhiteFideId "34180572"]
[BlackFideId "621862"]
[WhiteElo "2095"]
[BlackElo "2790"]
[Result "0-1"]
[Round "05"]
[TimeControl "180+1"]
[Date "2022.11.16"]
[WhiteClock "0:00:04"]
[BlackClock "0:00:26"]

1. e4 d5 2. exd5 Qxd5 3. Nc3 Qa5 4. b4 Qxb4 5. Rb1 Qd6 6. d4 Nf6 7. Nf3 c6 8. Bc4 b5 9. Bd3 Bg4 10. O-O e6 11. Be3 Be7 12. a4 b4 13. Ne4 Nxe4 14. Bxe4 Nd7 15. h3 Bh5 16. Re1 Nf6 17. Bf4 Qd7 18. Qd3 Nxe4 19. Qxe4 Bg6 20. Qe2 O-O 21. Red1 Qd5 22. Ne5 a5 23. Rbc1 Rac8 24. c4 bxc3 25. Rxc3 Bb4 26. Rc4 Rfd8 27. Rdc1 c5 28. dxc5 Rxc5 29. Rxc5 Bxc5 30. Qb5 Bb4 31. Nc6 Rf8 32. Nxb4 axb4 33. Qxb4 h6 34. Bd6 Ra8 35. Bg3 Qa2 36. Rc4 Qa1+ 37. Kh2 Rd8 38. Bc7 Rd1 39. Kg3 Rd3+ 40. f3 Qa2 41. a5 Rd2 42. Rd4 Rxg2+ 43. Kh4 Qf2+ 0-1


[Site "https://www.chess.com"]

[Event "Titled Tuesday Blitz November 15 Late 2022"]
[White "Kleiman, Jake"]
[Black "Sjugirov, Sanan"]
[WhiteFideId "2020041"]
[BlackFideId "4189302"]
[WhiteElo "2648"]
[BlackElo "2611"]
[Result "0-1"]
[Round "05"]
[TimeControl "180+1"]
[Date "2022.11.16"]
[WhiteClock "0:00:10"]
[BlackClock "0:00:05"]

1. e4 c5 2. c3 Nf6 3. e5 Nd5 4. Bc4 e6 5. Nf3 d6 6. d4 cxd4 7. cxd4 Be7 8. O-O O-O 9. Qe2 a6 10. a3 b5 11. Bd3 Bb7 12. Bd2 Nd7 13. Nc3 dxe5 14. dxe5 Nxc3 15. Bxc3 Qb8 16. Rfe1 Nb6 17. Rad1 Nd5 18. Bd2 g6 19. h4 Rd8 20. h5 Rd7 21. Ng5 Bxg5 22. Bxg5 Qf8 23. Qg4 Re8 24. Qh4 Rc7 25. Rc1 Rec8 26. Rxc7 Rxc7 27. hxg6 fxg6 28. Qg4 Qf7 29. Bh6 Ne7 30. Qh4 Rd7 31. Bb1 Nf5 32. Bxf5 Qxf5 33. Bg5 h5 34. Qg3 Qg4 35. Qxg4 hxg4 36. Rc1 Kf7 37. Kf1 a5 38. Be3 a4 39. Bg5 Kg7 40. Bf4 g5 41. Bxg5 Kg6 42. Be3 Kf5 43. g3 Bd5 44. Ke1 Bc4 45. Bf4 Ke4 46. Rd1 Bd3 47. Kd2 Bc4+ 48. Ke1 Rh7 49. Kd2 Kf3 50. Be3 Rd7+ 51. Kc1 Bd3 52. Kd2 Be2+ 53. Kc3 Bxd1 54. Kb4 Be2 55. Kc5 Bc4 56. Kc6 Rd3 0-1


[Site "https://www.chess.com"]

[Event "Titled Tuesday Blitz November 15 Late 2022"]
[White "Klenburg, Michael"]
[Black "Hristodoulou, Panagiotis"]
[WhiteFideId "14102072"]
[BlackFideId "4214340"]
[WhiteElo "2405"]
[BlackElo "2272"]
[Result "0-1"]
[Round "05"]
[TimeControl "180+1"]
[Date "2022.11.16"]
[WhiteClock "0:00:09"]
[BlackClock "0:00:10"]

1. g3 Nf6 2. Bg2 d5 3. d3 c6 4. Nd2 Bg4 5. h3 Bh5 6. g4 Bg6 7. f4 e6 8. e4 dxe4 9. dxe4 h6 10. Qe2 Nbd7 11. Ngf3 Bc5 12. c3 Qc7 13. e5 Nd5 14. Ne4 Bxe4 15. Qxe4 O-O-O 16. Bd2 Bb6 17. b4 f5 18. gxf5 exf5 19. Qxf5 Rhf8 20. Qg4 h5 21. Qg5 Be3 22. Bxe3 Nxe3 23. Kf2 Qb6 24. Kg3 Rf5 25. Qxg7 Nxg2 26. Kxg2 Rxf4 27. Qg3 Rff8 28. Rae1 h4 29. Qg4 Rg8 30. Ng5 Kb8 31. Kh2 Qc7 32. Qf4 Rdf8 33. Nf7 Nxe5 34. Qxe5 Rxf7 35. Qxc7+ Kxc7 36. Re2 Rf3 37. Rc1 Rgg3 38. Rcc2 Rxh3+ 39. Kg2 Rfg3+ 40. Kf2 Rh2+ 41. Ke1 Rxe2+ 42. Rxe2 Rxc3 43. Re7+ Kb6 44. Rh7 Ra3 45. Rxh4 Rxa2 46. Kd1 Rg2 47. Kc1 a5 48. bxa5+ Kxa5 49. Rh5+ b5 50. Rh8 c5 51. Ra8+ Kb4 52. Kb1 c4 53. Rb8 c3 54. Rb7 Kc4 55. Rb8 b4 56. Rb7 Kb3 0-1


[Site "https://www.chess.com"]

[Event "Titled Tuesday Blitz November 15 Late 2022"]
[White "Kobo, Ori"]
[Black "Gasparyan, David"]
[WhiteFideId "2812320"]
[BlackFideId "13311980"]
[WhiteElo "2447"]
[BlackElo "2314"]
[Result "0-1"]
[Round "05"]
[TimeControl "180+1"]
[Date "2022.11.16"]
[WhiteClock "0:00:01"]
[BlackClock "0:01:05"]

1. Nf3 b6 2. e4 Bb7 3. Nc3 c5 4. d4 cxd4 5. Nxd4 a6 6. Bg5 g6 7. Bc4 Bg7 8. Qf3 Nf6 9. Bd5 Nxd5 10. Nxd5 Bxd5 11. exd5 Bxd4 12. d6 Nc6 13. O-O-O Bf6 14. Bxf6 exf6 15. Rhe1+ Ne5 16. Qd5 O-O 17. f4 Nc6 18. a3 f5 19. Re3 Qf6 20. Rde1 Qd4 21. Qf3 Qxd6 22. Rd3 Qf6 23. Rxd7 Rfe8 24. Red1 Re6 25. Rc7 Rae8 26. c3 Na5 27. Qd5 b5 28. Kb1 Nc4 29. Ka2 Rd6 30. Qd4 Rxd4 0-1


[Site "https://www.chess.com"]

[Event "Titled Tuesday Blitz November 15 Late 2022"]
[White "Korchmar, Vasiliy"]
[Black "Sohal, Tanraj"]
[WhiteFideId "24131750"]
[BlackFideId "2608499"]
[WhiteElo "2370"]
[BlackElo "2200"]
[Result "1-0"]
[Round "05"]
[TimeControl "180+1"]
[Date "2022.11.16"]
[WhiteClock "0:00:38"]
[BlackClock "0:00:04"]

1. e4 c5 2. Nf3 d6 3. d4 cxd4 4. Nxd4 Nf6 5. Nc3 g6 6. Be3 Bg7 7. f3 O-O 8. Qd2 d5 9. e5 Nfd7 10. e6 Nf6 11. exf7+ Rxf7 12. O-O-O e5 13. Nb3 d4 14. Bc4 Qf8 15. Bxd4 exd4 16. Nxd4 Nc6 17. Rhe1 Nxd4 18. Qxd4 Bf5 19. g4 Ne4 20. Qd5 Nxc3 21. bxc3 Qa3+ 22. Kb1 Bxc3 23. Qxf7+ Kh8 24. Qxb7 Rf8 25. Re7 g5 26. gxf5 1-0


[Site "https://www.chess.com"]